 Dungeon Crawl Stone Soup version 0.26.0-8-g74fc34ddfb (webtiles) character file.

Game seed: 3667577500811475957

37 denis1488 the Skirmisher (level 3, 0/26 HPs)
             Began as an Octopode Transmuter on Jan 12, 2021.
             Succumbed to an adder's poison
             ... on level 2 of the Dungeon.
             The game lasted 00:01:39 (936 turns).

denis1488 the Skirmisher (Octopode Transmuter)       Turns: 936, Time: 00:01:39

Health: 0/26       AC:  1    Str: 10    XL:     3   Next: 41%
Magic:  6/6        EV: 13    Int: 15    God:
Gold:   38         SH:  0    Dex: 12    Spells: 5/6 levels left

rFire    . . .     SeeInvis .   a - +1 dagger (elec)
rCold    . . .     Faith    .   (no shield)
rNeg     . . .     Spirit   .   (helmet restricted)
rPois    .         Reflect  .   (no amulet)
rElec    .         Harm     .   e - ring of flight
rCorr    .         Rampage  .   (no ring)
Will     .....                  (no ring)
Stlth    ++........             (no ring)
HPRegen  0.08/turn              (no ring)
MPRegen  0.10/turn              (no ring)
                                (no ring)
                                (no ring)

@: lethally poisoned (0 -> -6), flying
A: almost no armour, stealthy swim, amphibious, 8 rings, constrict 8, camouflage
1, gelatinous body 1
a: no special abilities


You were on level 2 of the Dungeon.
You visited 1 branch of the dungeon, and saw 2 of its levels.

You collected 38 gold pieces.

Inventory:

Hand Weapons
 a - a +1 dagger of electrocution (weapon)
Jewellery
 e - a ring of flight (left tentacle)
Wands
 f - a wand of polymorph (7)
Scrolls
 b - 2 scrolls of remove curse {unknown}
 c - 2 scrolls of teleportation {unknown}


   Skills:
 * Level 3.2 Fighting
 - Level 2.0 Dodging
 - Level 3.0 Unarmed Combat
 - Level 2.0 Spellcasting
 - Level 2.0 Transmutations


You had 5 spell levels left.
You knew the following spells:

 Your Spells              Type           Power        Failure   Level
a - Beastly Appendage     Tmut           14%          10%         1

Your spell library contained the following spells:

 Spells                   Type           Power        Failure   Level
 Wereblood                Tmut           7%           14%         2
 Spider Form              Tmut/Pois      2%           41%         3
 Ice Form                 Ice/Tmut       4%           82%         4
 Blade Hands              Tmut           3%           95%         5


Dungeon Overview and Level Annotations

Branches:
Dungeon (2/15)

Altars:


Innate Abilities, Weirdness & Mutations

You cannot wear most types of armour.
You are very stealthy in the water. (Stealth+)
You are amphibious.
You can wear up to eight rings at the same time.
You can use your tentacles to constrict eight enemies at once.
Your skin changes colour to match your surroundings (Stealth+).
Your rubbery body absorbs attacks. (AC +1, EV +1)


Message History

You feel sick. The kobold barely misses you.
You hit the kobold. Lightning courses through the kobold!
You kill the kobold!
* * * LOW HITPOINT WARNING * * *
You feel sick.
It was a potion of flight.
You feel very buoyant.
You fly up into the air.
There is a lethal amount of poison in your body!
You are lethally poisoned (3 -> -5).
You are flying.
You have 6 tentacles available for constriction.
Your flying speed is average.
Your attack speed is average.
* * * LOW HITPOINT WARNING * * *
You feel sick.
You reach down and open the door.
* * * LOW HITPOINT WARNING * * *
You feel sick.
Found 21 stones.
There is an open door here.
You die...

. #?.......................
..###............(†........#.
....(.......###########'##.#.
#.......................##.#.
.....................$.......
........####............#....
...........#.................
...........#...........####..
........††.'@.......... ....
#...#......#........... #.#..
#...###..........#.. #.###
#.. #).........# # #.
##........(# #....######
#....# #....


There were no monsters in sight!

Vanquished Creatures
  An adder (D:2)
  2 dart slugs (D:1)
  A ball python (D:1)
  7 bats
  A goblin (D:1)
  2 hobgoblins (D:1)
  3 frilled lizards
  7 kobolds
  4 rats
28 creatures vanquished.

Vanquished Creatures (others)
  4 toadstools (D:1)
4 creatures vanquished.

Grand Total: 32 creatures vanquished

Notes
Turn   | Place    | Note
-------+----------+-------------------------------------------
     0 | D:1      | denis1488 the Octopode Transmuter began the quest for the
                  | Orb.
     0 | D:1      | Reached XP level 1. HP: 13/13 MP: 3/3
   243 | D:1      | Reached XP level 2. HP: 19/19 MP: 5/5
   883 | D:2      | Reached XP level 3. HP: 25/25 MP: 6/6
   934 | D:2      | HP: 1/26 [poisoned by an adder]
   936 | D:2      | Succumbed to an adder's poison

Illustrated notes

Levels and vault maps discovered:
D:1:      ldierk_water_garden, layout_loops_ring
D:2:      layout_basic, chequers_ecumenical_altar_simple_redux

Skill      XL: |  1  2  3 |
---------------+----------+-----
Fighting       | 2 3 |  3.2
Dodging        | |  2.0
Unarmed Combat | |  3.0
Spellcasting   | |  2.0
Transmutations | |  2.0

Action                   || total
-------------------------++-------
Melee: Dagger            ||    51
       Constrict         ||     9
       Tentacles         ||     5
       Punch             ||     1
  Use: Potion            ||     1
 Stab: Sleeping          ||     7
Armor: Skin              ||     8
Dodge: Dodged            ||    31
